 Dungeon Crawl Stone Soup version 0.25-a0-547-g27a0b5d1ef (webtiles) character file.

Game seed: 12238275612070681277, levelgen mode: classic

47706 EnegeticOcto the Champion of Chaos (level 14, -10/136 HPs)
             Began as a Deep Dwarf Fighter on Feb 21, 2020.
             Was the Champion of Makhleb.
             Mangled by a white ugly thing (16 damage)
             ... on level 14 of the Dungeon.
             The game lasted 00:08:13 (8707 turns).

EnegeticOcto the Champion of Chaos (DDFi)           Turns: 8707, Time: 00:08:14

Health: -10/136    AC:  9    Str: 26    XL:     14   Next: 9%
Magic:  5/5        EV: 18    Int:  8    God:    Makhleb [******]
Gold:   1829       SH:  0    Dex: 12    Spells: 13/13 levels left

rFire    + . .     SeeInvis .   l - +2 battleaxe (freeze)
rCold    . . .     Gourm    .   (shield currently unavailable)
rNeg     + . .     Faith    .   I - +2 chain mail {rPois}
rPois    +         Spirit   .   (no helmet)
rElec    .         Reflect  .   H - scarf {repulsion}
rCorr    .         Harm     .   (no gloves)
MR       ++...                  (no boots)
Stlth    ..........             (no amulet)
HPRegen  0.00/turn              y - ring of protection from fire
MPRegen  0.09/turn              n - +5 ring of evasion

@: confused, corroded, non-regenerating, lightly drained, repel missiles
A: damage resistance, heal wounds, negative energy resistance 1, sense
surroundings 2, no regeneration
a: Heal Wounds, Minor Destruction, Lesser Servant of Makhleb, Major Destruction,
Greater Servant of Makhleb, Renounce Religion


You were on level 14 of the Dungeon.
You worshipped Makhleb.
Makhleb was exalted by your worship.
You were not hungry.

You visited 3 branches of the dungeon, and saw 17 of its levels.
You also visited: Sewer and Ice Cave.

You collected 1829 gold pieces.

Inventory:

Hand Weapons
 l - a +2 battleaxe of freezing (weapon)
Armour
 g - a +1 chain mail of cold resistance
 A - a +1 cloak
 F - +0 ice dragon scales
 H - a scarf of repulsion (worn)
 I - a +2 chain mail of poison resistance (worn)
Jewellery
 n - a +5 ring of evasion (right hand)
 y - a ring of protection from fire (left hand)
Wands
 b - a wand of paralysis (11)
 j - a wand of polymorph (6)
 o - a wand of iceblast (32)
 u - a wand of digging (10) {@v2}
 v - a wand of scattershot (6)
 x - a wand of flame (21)
 E - a wand of clouds (4)
Scrolls
 c - a scroll of immolation {@r4}
 d - 7 scrolls of identify {@r1}
 f - 14 scrolls of remove curse {@r6}
 p - 3 scrolls of teleportation {@r2}
 r - a scroll of fear
 s - 2 scrolls of magic mapping {@r5}
 t - 5 scrolls of blinking {@r3}
 B - a scroll of acquirement {unknown}
 G - a scroll of brand weapon
 K - a scroll of enchant armour
 L - a scroll of silence {unknown}
Potions
 a - a potion of invisibility
 h - 2 potions of stabbing {unknown}
 i - 3 potions of haste {@q4}
 k - 2 potions of might {@q3}
 m - a potion of resistance {@q6}
 q - 2 potions of flight
 w - 2 potions of lignification {@q7}
 z - 2 potions of mutation
 C - 2 potions of curing {@q1}
 D - a potion of cancellation {unknown}
 M - a potion of heal wounds {unknown}
Comestibles
 e - 22 rations
 J - 5 chunks of flesh


   Skills:
 * Level 11.8(11.5) Fighting
 * Level 13.5(13.2) Axes
 + Level 10.2(9.9) Armour
 + Level 9.7(9.4) Dodging
   Level 7.0(6.7) Shields
 * Level 13.8(13.5) Invocations


You had 13 spell levels left.
You didn't know any spells.
Your spell library was empty.

Dungeon Overview and Level Annotations

Branches:
Dungeon (13/15)            Temple (1/1) D:6            Lair (0/6) D:8
    Orc (2/2) D:11            Elf (0/3) Orc:2        Vaults (0/5) D:13
  Sewer (visited)           IceCv (visited)

Altars:
Cheibriados
Dithmenos
Fedhas
Gozag
Hepliaklqana
Kikubaaqudgha
Makhleb
Nemelex Xobeh
Qazlal
Ru
Sif Muna
Trog
Uskayaw
Vehumet
Xom
Zin
The Shining One
Beogh

Shops:
D:6 =   D:10 *   Orc:1 !   Orc:2 ((*:}


Innate Abilities, Weirdness & Mutations

You are resistant to damage.
You can heal yourself by infusing magical energy.
You resist negative energy. (rN+)
You passively map the area around you.
You do not regenerate.


Message History

The smoke demon disappears in a puff of smoke!
The hell rat disappears in a puff of smoke!
The deep elf mage hits you with a +1 long sword of electrocution.
The brown ugly thing completely misses you.
The redback bites you. The ice devil closely misses you.
The orc sorcerer casts a spell.
The deep elf mage casts a spell.
The deep elf mage blinks!
The ice devil closely misses you.
The cyan ugly thing basks in the mutagenic energy from its kin and changes!
You feel much better.
The redback bites you but does no damage.
The brown ugly thing tentacle-slaps you.
The acid corrodes you!
You are splashed with acid!
The ice devil hits you. The ice devil freezes you!!
* * * LOW HITPOINT WARNING * * *
The ice devil misses you. The orc sorcerer closely misses you.
Your magical essence is drained by the effort!
You feel much better. The redback closely misses you. The hell rat bites you.
You partially resist.
You feel drained.
The jumping spider leaps!
The brown ugly thing closely misses you.
The redback barely misses you. The ice devil hits you.
The ice devil freezes you! The ice devil hits you. The ice devil freezes you!!
* * * LOW HITPOINT WARNING * * *
The orc sorcerer hits you but does no damage.
You feel much better. The hell rat barely misses you. The redback bites you.
The green ugly thing basks in the mutagenic energy from its kin and changes!
The brown ugly thing tentacle-slaps you.
You are splashed with acid!
The ice devil hits you! The ice devil freezes you!
The orc sorcerer hits you with a cursed +0 dagger.
* * * LOW HITPOINT WARNING * * *
The ice devil barely misses you.
You feel much better. The hell rat closely misses you.
The deep elf mage mumbles some strange words.
The deep elf mage blinks!
The redback closely misses you.
The brown ugly thing tentacle-slaps you.
You are splashed with acid.
The hell rat closely misses you.
The redback bites you but does no damage.
The ice devil misses you.
The orc sorcerer hits you but does no damage.
The ice devil hits you! The ice devil freezes you!
* * * LOW HITPOINT WARNING * * *
You are too injured to fight recklessly!
You are too injured to fight recklessly!
You are too injured to fight recklessly!
You are too injured to fight recklessly!
You are too injured to fight recklessly!
You are too injured to fight recklessly!
You are too injured to fight recklessly!
You are too injured to fight recklessly!
You are too injured to fight recklessly!
You are too injured to fight recklessly!
You closely miss the orc sorcerer.
The orc sorcerer is almost dead.
You slash the redback! You freeze the redback.
You barely miss the brown ugly thing. You slice the ice devil!!
You barely miss the hell rat. You hit the ice devil.
The redback bites you but does no damage.
The hell rat bites you but does no damage.
The green ugly thing basks in the mutagenic energy from its kin and changes!
The brown ugly thing barely misses you. The ice devil closely misses you.
The orc sorcerer hits you with a cursed +0 dagger.
* * * LOW HITPOINT WARNING * * *
The ice devil barely misses you.
You slash the orc sorcerer! You freeze the orc sorcerer.
You kill the orc sorcerer!
Makhleb accepts your kill.
You feel better.
The rust devil disappears in a puff of smoke!
You slash the ice devil! You slash the hell rat! You freeze the hell rat.
You barely miss the ice devil. You slash the brown ugly thing!
You freeze the brown ugly thing.
You kill the brown ugly thing!
Makhleb accepts your kill.
You hit the redback but do no damage.
The redback disappears in a puff of smoke!
The hell rat misses you. The ice devil misses you. x2
The tarantella closely misses you.
Your magical essence is drained by the effort!
You feel much better.
The ice devil disappears in a puff of smoke!
The jumping spider leaps!
The hell rat barely misses you.
The deep elf mage hits you with a +1 long sword of electrocution.
The tarantella completely misses you. The white ugly thing trunk-slaps you!
The white ugly thing freezes you!!
* * * LOW HITPOINT WARNING * * *
The ice devil hits you!
* * * LOW HITPOINT WARNING * * *
The ice devil freezes you!!
* * * LOW HITPOINT WARNING * * *
You slash the white ugly thing!
The white ugly thing is heavily wounded.
You barely miss the deep elf mage. You barely miss the tarantella.
You closely miss the hell rat. You closely miss the ice devil.
The hell rat barely misses you. The tarantella bites you.
* * * LOW HITPOINT WARNING * * *
You are confused.
The deep elf mage hits you but does no damage.
The white ugly thing trunk-slaps you.
* * * LOW HITPOINT WARNING * * *
The white ugly thing freezes you!!
You die...

.............. ,,,, ,, ,
##...).....## .. , ,, ,
* ##)......?..# ..,. . ,
* #...........###... ,
.. ** ,
..##.........#### , ...
, ..
##.........#:####...., ,
.. #........####§......
,*
..####......###§ses.....
...# #......##.r@uu○....
...# ##.....#..4##......
* ...# #.........##
#.... * ...##
##.........# * ... ,
....# #..........# * . ,
....########......# * *
....##}# ####....# * *
...#### ###...#* * ..##
*** ...## ,


You could see 2 ugly things, an ice devil, a deep elf mage, a jumping spider, a
tarantella and a hell rat.

Vanquished Creatures
  8 vault guards (D:13)
  An ice dragon (D:12)
  Erica (D:8)
  A hydra (D:11)
  2 centaur warriors (D:13)
  11 two-headed ogres
  2 ogre magi (Orc:2)
  Nergalle (D:12)
  2 wizards (D:14)
  An orc knight (Orc:2)
  3 cyclopes
  7 ugly things
  A wolf spider zombie (D:13)
  An orc sorcerer (D:14)
  A manticore (D:13)
  Psyche (D:9)
  3 ice statues (IceCv)
  A gargoyle (D:10)
  Maggie (D:6)
  13 trolls
  2 polar bears (D:12)
  3 hornets
  5 slime creatures
  4 hippogriffs
  Sigmund (D:6)
  2 wraiths
  A spriggan (D:7)
  A wyvern (D:13)
  14 yaks
  7 vampire mosquitoes
  2 hungry ghosts
  A warg (Orc:1)
  Edmund (D:5)
  Duvessa (D:6)
  3 water moccasins
  A hornet zombie (D:9)
  3 sky beasts
  Purgy (Sewer)
  11 orc warriors
  9 ice beasts
  An eye of draining (D:13)
  3 black bears
  21 ogres
  2 necrophages
  13 centaurs
  A wolf (D:12)
  Blork the orc (D:6)
  3 big kobolds
  6 bullfrogs
  Dowan (D:6)
  6 scorpions
  18 killer bees
  2 electric eels (D:12)
  9 wights (D:8)
  8 howler monkeys
  3 crimson imps
  2 bullfrog zombies
  6 orc priests
  4 jellies
  14 orc wizards
  3 centaur skeletons
  5 centaur zombies
  8 hounds
  2 bullfrog skeletons (D:9)
  Ijyb (D:5)
  6 iguanas
  10 worker ants
  A hound zombie (D:5)
  A hound skeleton (D:6)
  6 gnolls (D:4)
  9 adders
  An ooze (D:5)
  An adder zombie (D:5)
  3 worms (D:4)
  A dart slug (D:4)
  2 leopard geckos
  59 orcs
  5 bats (Sewer)
  A giant cockroach (D:6)
  A goblin (D:3)
  3 jackals
  7 quokkas
  2 ball pythons
  4 frilled lizards
  16 kobolds
  A quokka skeleton (D:6)
  A quokka zombie (D:9)
  A rat (D:2)
420 creatures vanquished.

Vanquished Creatures (collateral kills)
  2 wizards (D:14)
  2 deep trolls (Orc:2)
  A wraith (D:14)
  3 ogres (Orc:2)
  An orc (Orc:2)
9 creatures vanquished.

Vanquished Creatures (others)
  A sky beast (D:9)
  A shadow imp (D:14)
2 creatures vanquished.

Grand Total: 431 creatures vanquished

Notes
Turn   | Place    | Note
-------+----------+-------------------------------------------
     0 | D:1      | EnegeticOcto the Deep Dwarf Fighter began the quest for the
                  | Orb.
     0 | D:1      | Reached XP level 1. HP: 20/20 MP: 1/1
   281 | D:4      | Reached XP level 2. HP: 17/27 MP: 2/2
   349 | D:4      | Reached XP level 3. HP: 25/34 MP: 3/3
   359 | D:4      | Reached skill level 1 in Dodging
   405 | D:4      | Reached XP level 4. HP: 39/42 MP: 4/4
   514 | D:4      | Reached XP level 5. HP: 31/49 MP: 5/5
   541 | D:4      | Noticed an ogre
   551 | D:4      | Killed an ogre
   551 | D:4      | Reached XP level 6. HP: 41/57 MP: 4/4
   630 | D:4      | Found a glowing drain.
   655 | Sewer    | Entered a sewer
   690 | Sewer    | Noticed Purgy
   710 | Sewer    | Killed Purgy
  1195 | D:5      | Entered Level 5 of the Dungeon
  1223 | D:5      | Noticed an ice beast
  1240 | D:5      | Killed an ice beast
  1240 | D:5      | Reached skill level 5 in Axes
  1240 | D:5      | Reached XP level 7. HP: 44/66 MP: 4/4
  1243 | D:5      | Noticed Ijyb
  1279 | D:5      | Killed Ijyb
  1343 | D:5      | Noticed Edmund
  1373 | D:5      | Killed Edmund
  1373 | D:5      | Reached skill level 5 in Fighting
  1894 | D:5      | Reached skill level 5 in Armour
  1894 | D:5      | Reached XP level 8. HP: 52/74 MP: 5/5
  1901 | D:5      | Reached skill level 5 in Shields
  1978 | D:5      | Found an opulent altar of Gozag.
  2112 | D:6      | Noticed Maggie
  2114 | D:6      | Noticed Dowan
  2115 | D:6      | Noticed Duvessa
  2131 | D:6      | Killed Maggie
  2142 | D:6      | Killed Duvessa
  2146 | D:6      | Killed Dowan
  2220 | D:6      | Noticed Blork the orc
  2236 | D:6      | Killed Blork the orc
  2301 | D:6      | Noticed Sigmund
  2302 | D:6      | Found a staircase to the Ecumenical Temple.
  2329 | D:6      | Killed Sigmund
  2347 | Temple   | Entered the Ecumenical Temple
  2359 | Temple   | Became a worshipper of Makhleb the Destroyer
  2487 | D:6      | Gained mutation: You passively map the area around you.
                  | [Deep Dwarf growth]
  2487 | D:6      | Reached XP level 9. HP: 47/85 MP: 3/3
  2521 | D:6      | Found Purotielo's Jewellery Shop.
  2695 | D:7      | Reached skill level 1 in Invocations
  2997 | D:7      | Noticed a troll
  3017 | D:7      | Killed a troll
  3019 | D:7      | Reached skill level 5 in Dodging
  3275 | D:7      | Reached * piety under Makhleb
  3723 | D:7      | Reached skill level 5 in Invocations
  3723 | D:7      | Reached XP level 10. HP: 80/94 MP: 7/7
  3999 | D:8      | Found a staircase to the Lair.
  4356 | D:8      | Reached ** piety under Makhleb
  4378 | D:8      | Noticed Erica
  4424 | D:8      | Killed Erica
  4746 | D:9      | Noticed a two-headed ogre
  4752 | D:9      | Killed a two-headed ogre
  4897 | D:9      | Noticed Psyche
  4906 | D:9      | Killed Psyche
  4906 | D:9      | Reached XP level 11. HP: 76/104 MP: 9/9
  5016 | D:10     | Entered Level 10 of the Dungeon
  5141 | D:10     | Found Molaer's Hallowed Reliquary.
  5142 | D:10     | Noticed an angel
  5143 | D:10     | Found a glowing silver altar of Zin.
  5152 | D:10     | Noticed a two-headed ogre
  5164 | D:10     | Killed a two-headed ogre
  5170 | D:10     | Reached *** piety under Makhleb
  5170 | D:10     | Reached skill level 10 in Axes
  5715 | D:11     | Noticed a four-headed hydra
  5733 | D:11     | Killed an eight-headed hydra
  5904 | D:11     | Found a staircase to the Orcish Mines.
  6160 | D:11     | Found a roughly hewn altar of Beogh.
  6166 | D:11     | Reached **** piety under Makhleb
  6177 | Orc:1    | Entered Level 1 of the Orcish Mines
  6533 | Orc:2    | Entered Level 2 of the Orcish Mines
  6533 | Orc:2    | Noticed an ogre mage
  6535 | Orc:2    | Found Luvar's Antique Weapon Shoppe.
  6535 | Orc:2    | Noticed a deep troll
  6536 | Orc:2    | Noticed a deep troll
  6538 | Orc:2    | Noticed a two-headed ogre
  6538 | Orc:2    | Noticed a two-headed ogre
  6541 | Orc:2    | Noticed a two-headed ogre
  6542 | Orc:2    | Killed an ogre mage
  6547 | Orc:2    | Reached skill level 10 in Invocations
  6551 | Orc:2    | Killed a two-headed ogre
  6551 | Orc:2    | Reached XP level 12. HP: 76/116 MP: 10/10
  6554 | Orc:2    | Killed a two-headed ogre
  6557 | Orc:2    | Killed a two-headed ogre
  6563 | Orc:2    | Noticed a two-headed ogre
  6573 | Orc:2    | Killed a two-headed ogre
  6573 | Orc:2    | Reached skill level 10 in Fighting
  6579 | Orc:2    | Noticed a two-headed ogre
  6587 | Orc:2    | Killed a two-headed ogre
  6588 | Orc:2    | Noticed a two-headed ogre
  6589 | Orc:2    | Found Hukuohaf's Book Boutique.
  6589 | Orc:2    | Noticed an ogre mage
  6602 | Orc:2    | Killed a two-headed ogre
  6613 | Orc:2    | Killed an ogre mage
  6617 | Orc:2    | Noticed a two-headed ogre
  6618 | Orc:2    | Noticed a two-headed ogre
  6628 | Orc:2    | Killed a two-headed ogre
  6630 | Orc:2    | Killed a two-headed ogre
  6631 | Orc:2    | Found Toyl's Antique Weapon Emporium.
  6679 | Orc:2    | Found Rotacaut's Assorted Antiques.
  6793 | Orc:2    | Noticed a two-headed ogre
  6805 | Orc:2    | Killed a two-headed ogre
  6815 | Orc:2    | Found Jylir's Gadget Shop.
  6865 | Orc:2    | Found a staircase to the Elven Halls.
  6914 | Orc:1    | Found Tigea's Distillery.
  6930 | Orc:1    | Reached ***** piety under Makhleb
  7459 | D:12     | Reached XP level 13. HP: 124/124 MP: 12/12
  7545 | D:12     | Noticed Nergalle
  7570 | D:12     | Killed Nergalle
  7668 | D:12     | Found a frozen archway.
  7729 | IceCv    | Entered an ice cave
  8222 | D:13     | Reached skill level 10 in Armour
  8238 | D:13     | Found a gate to the Vaults.
  8450 | D:13     | Reached ****** piety under Makhleb
  8571 | D:13     | You fall into a shaft and drop 1 floor!
  8643 | D:14     | Gained mutation: You resist negative energy. (rN+) [Deep
                  | Dwarf growth]
  8643 | D:14     | Reached XP level 14. HP: 72/136 MP: 8/8
  8707 | D:14     | HP: 6/136 [white ugly thing (2)]
  8707 | D:14     | Mangled by a white ugly thing

Levels and vault maps discovered:
D:1:      psy_arrival_whirlpool, layout_rooms, serial_bayou_crossing
D:2:      layout_loops_corners, uniq_natasha
D:3:      layout_loops_corners, minivault_14, uniq_crazy_yiuf_cottage
D:4:      layout_basic, portal_sewer_entry_d, first_ration
D:5:      minmay_diamond_boxcup, layout_basic, grunt_gozag_statues,
          saegor_snake_ambush, uniq_edmund, uniq_ijyb
D:6:      layout_cave_pools, minmay_temple_entry_tees,
          minmay_shop_enchanted_jewellery, water_maze_lemuel, uniq_duvessa,
          uniq_maggie, uniq_sigmund, uniq_blork_the_orc
D:7:      minmay_the_grid_four_pointed_star
          [minmay_the_grid_triangle_9x9_corruption,
          minmay_the_grid_triangle_9x9_thin_v,
          minmay_the_grid_triangle_9x9_cache,
          minmay_the_grid_triangle_9x9_alien, minmay_the_grid_prize_big_room],
          layout_loops_corners, corexii_leaking_fountain, the_bakery
D:8:      layout_loops_ring, dpeg_oklobed_lair, uniq_erica
D:9:      layout_cross, uniq_psyche
D:10:     layout_loops_ring, nicolae_good_shop
D:11:     layout_basic, minmay_orc_entry_temple_small, kennysheep_small_circle
D:12:     layout_basic, portal_ice_cave_entry_animals_and_master,
          kennysheep_generic_room_11, uniq_nergalle
D:13:     layout_roguey, erik_vaults_2, serial_shops, shop
D:14:     minmay_tri_stars, layout_basic, minivault_19, serial_shops,
          bzr_entry_customers
Temple:   dpeg_three_leaves_temple
Orc:1:    layout_diamond_mine, serial_shops, shop, nicolae_orc_tapped_out
Orc:2:    st_orc_open, layout_caves, serial_shops, shop

Skill      XL: |  1  2  3  4  5  6  7  8  9 10 11 12 13 |
---------------+----------------------------------------+-----
Fighting       | 3 4 5 6 7 8 9 10 11 | 11.8
Axes           | 3 4 5 7 8 9 11 12 13 | 13.5
Dodging        | 1 2 3 4 5 6 7 8 9 |  9.7
Armour         | 4 5 6 7 8 9 10 | 10.2
Shields        | 4 5 6 7 |  7.0
Invocations    | 5 7 10 12 13 | 13.8

Action                   |  1- 3 |  4- 6 |  7- 9 | 10-12 | 13-15 || total
-------------------------+-------+-------+-------+-------+-------++-------
Melee: War axe           |    74 |   127 |   376 |   177 |       ||   754
       Battleaxe         |       |       |       |   437 |   407 ||   844
Invok: Lesser Servant of |       |       |       |     3 |     2 ||     5
 Abil: Heal Wounds       |     2 |     8 |    18 |    19 |    36 ||    83
Evoke: Wand              |       |       |       |     4 |       ||     4
  Use: Scroll            |       |       |    14 |     6 |       ||    20
       Potion            |       |       |       |     1 |       ||     1
 Stab: Paralysed         |       |       |       |     3 |       ||     3
       Distracted        |       |       |       |     2 |       ||     2
  Eat: Chunk             |       |     2 |     9 |    12 |     5 ||    28
       Ration            |       |       |       |     1 |       ||     1
Armor: Scale mail        |    15 |    65 |   145 |    12 |       ||   237
       Chain mail        |       |       |       |   279 |   174 ||   453
       Ice dragon scales |       |       |       |       |    21 ||    21
Dodge: Dodged            |    25 |    55 |   158 |   688 |   489 ||  1415
       Deflected         |       |       |       |       |    10 ||    10
Block: Kite shield       |    28 |    74 |   222 |   121 |       ||   445

Table legend:
 A = Non-vault XP
 B = Vault XP
 C = Vault XP percentage of total XP
 D = Non-vault monster count
 E = Vault monster count
 F = Vault count percentage of total count
                 A         B        C        D         E       F
            +---------+---------+-------+---------+---------+-------
      Total |   30851 |   37301 |  54.7 |     311 |     119 |  27.7
            +---------+---------+-------+---------+---------+-------
        D:2 |       3 |       0 |   0.0 |       2 |       0 |   0.0
        D:3 |       5 |       0 |   0.0 |       3 |       0 |   0.0
        D:4 |     514 |      13 |   2.5 |      30 |       1 |   3.2
        D:5 |     616 |     241 |  28.1 |      11 |       8 |  42.1
        D:6 |     458 |     879 |  65.7 |      21 |       5 |  19.2
        D:7 |     746 |    1984 |  72.7 |      13 |      17 |  56.7
        D:8 |    2056 |     965 |  31.9 |      29 |       1 |   3.3
        D:9 |    2436 |     448 |  15.5 |      18 |       1 |   5.3
       D:10 |    3035 |       0 |   0.0 |      35 |       0 |   0.0
       D:11 |    2113 |    1283 |  37.8 |      21 |      10 |  32.3
       D:12 |    3651 |    3782 |  50.9 |      30 |      10 |  25.0
       D:13 |    7350 |    7965 |  52.0 |      42 |       8 |  16.0
       D:14 |    3428 |    2548 |  42.6 |      10 |       5 |  33.3
      Orc:1 |    2357 |       0 |   0.0 |      31 |       0 |   0.0
      Orc:2 |    2083 |   13731 |  86.8 |      15 |      36 |  70.6
      Sewer |       0 |     141 | 100.0 |       0 |       6 | 100.0
      IceCv |       0 |    3321 | 100.0 |       0 |      11 | 100.0
            +---------+---------+-------+---------+---------+-------
